 Dungeon Crawl Stone Soup version 0.19-a0-262-g5df7875 (webtiles) character file.

884 oplop the Sneak (level 8, -7/40 HPs)
             Began as a Vine Stalker Enchanter on May 26, 2016.
             Mangled by no0bjke's ghost (18 damage)
             ... on level 5 of the Dungeon.
             The game lasted 00:05:19 (3162 turns).

oplop the Sneak (Vine Stalker Enchanter)            Turns: 3162, Time: 00:05:20

Health: -7/40      AC:  6    Str: 11    XL:     8   Next: 5%
Magic:  0/15       EV: 12    Int: 15    God:
Gold:   149        SH:  0    Dex: 17    Spells: 3 memorised, 10 levels left

rFire  . . .     SeeInvis .     a - +1 dagger
rCold  + . .     Gourm    .     b - +1 robe
rNeg   . . .     Faith    .     (no shield)
rPois  .         Spirit   +     (no helmet)
rElec  .         Dismiss  .     p - +2 cloak
rCorr  .         Reflect  .     (no gloves)
SustAt .         Harm     .     (no boots)
MR     +....                    k - amulet of magic regeneration
Stlth  +++.......               o - ring of wizardry
                                f - ring of protection from cold

@: somewhat resistant to hostile enchantments, fairly stealthy
A: fangs 3, regeneration 2, magic shield, antimagic bite, no device heal 3, rot
immunity
a: no special abilities


You were on level 5 of the Dungeon.
You were very hungry.

You visited 1 branch of the dungeon, and saw 5 of its levels.

You collected 149 gold pieces.

Inventory:

Hand Weapons
 a - a +1 dagger (weapon)
 g - a +1 short sword of draining
Armour
 b - a +1 robe (worn)
 p - a +2 cloak (worn)
Jewellery
 f - a ring of protection from cold (left hand)
 k - an amulet of magic regeneration (around neck)
 o - a ring of wizardry (right hand)
 r - a cursed ring of teleportation {unknown}
Wands
 w - a wand of slowing (27/48)
 z - a wand of digging (18/24)
Scrolls
 e - 5 scrolls of identify {unknown}
 h - a scroll of enchant armour {unknown}
 i - 8 scrolls of remove curse {unknown}
 j - a scroll of amnesia {unknown}
 m - a scroll of teleportation {unknown}
 q - 3 scrolls of fog {unknown}
 t - a scroll of fear {unknown}
 y - a scroll of noise {unknown}
 A - a scroll of magic mapping {unknown}
Potions
 n - 2 potions of brilliance {unknown}
 s - a potion of flight {unknown}
 v - a potion of degeneration {unknown}
 x - a potion of beneficial mutation {unknown}
Books
 c - a book of Maledictions

   Spells                             Type                      Level
   a - Corona                         Hexes                        1
   b - Ensorcelled Hibernation        Hexes/Ice                    2
   c - Confuse                        Hexes                        3
   d - Tukima's Dance                 Hexes                        3
   e - Dazzling Spray                 Conjuration/Hexes            3
Comestibles
 d - 5 bread rations
 l - 3 meat rations
 u - 3 fruits
 B - a beef jerky
 C - a royal jelly


   Skills:
 + Level 3.2 Fighting
 + Level 3.6 Short Blades
 - Level 1.5 Dodging
 + Level 6.2 Stealth
 + Level 4.5 Spellcasting
 + Level 4.8 Hexes


You had 10 spell levels left.
You knew the following spells:

 Your Spells              Type           Power        Failure   Level  Hunger
a - Corona                Hex            ###....      1%          1    None
b - Ensorcelled Hibernat  Hex/Ice        ##....       4%          2    ##.....
c - Confuse               Hex            ###.....     4%          3    ###....


Dungeon Overview and Level Annotations

Branches:
Dungeon (5/15)
 Temple: D:4-7

Altars:
Zin

Annotations:
D:5 no0bjke's ghost, novice TrMo


Innate Abilities, Weirdness & Mutations

You have razor-sharp teeth.
You heal very quickly.
When hurt, damage is shared between your health and your magic reserves.
Your bite disrupts and absorbs the magic of your enemies.
Potions and wands cannot restore your health.
You are immune to rotting.


Message History

Press: ? - help, Shift-Dir - straight line, f/p - no0bjke's ghost
Aim: no0bjke's ghost (almost destroyed, chance to defeat MR: 26%) No0bjke's ghost easily resists.
No0bjke's ghost hits you!
Casting: Confuse
Confirm with . or Enter, or press ? or * to list all spells.
You don't have enough magic to cast that spell.
You hit no0bjke's ghost.
You bite no0bjke's ghost, but do no damage.
No0bjke's ghost is almost destroyed.
No0bjke's ghost hits you.
* * * LOW HITPOINT WARNING * * *
Wield which item (- for none, * to show all)? (? for menu, Esc to quit)
a - a +1 dagger (weapon)
No0bjke's ghost barely misses you.
You hit no0bjke's ghost but do no damage.
No0bjke's ghost is almost destroyed.
You closely miss no0bjke's ghost. Your bite misses no0bjke's ghost.
No0bjke's ghost is almost destroyed.
No0bjke's ghost hits you!!
You die...

####.######..........
#......#.#......##
######.#.#........
#.#.#........
#.#.#........
#.#.#........
#####.#.######...
#..W..## .. #.@.###
#...# #...## #..>.+
#...## #...# #...#
#........#
#...........#


You could see no0bjke's ghost.

Vanquished Creatures
  Sigmund (D:3)
  2 ogres (D:4)
  Blork the orc (D:4)
  A giant frog (D:3)
  2 scorpions (D:4)
  A giant frog skeleton (D:4)
  3 orc wizards
  7 gnolls
  5 adders
  An ooze (D:2)
  4 worms
  8 dart slugs
  A giant gecko (D:4)
  18 orcs
  5 bats
  A giant cockroach (D:3)
  7 goblins
  6 hobgoblins
  A quokka (D:3)
  A ball python (D:3)
  5 giant newts
  6 kobolds
  6 rats
93 creatures vanquished.

Notes
Turn   | Place    | Note
--------------------------------------------------------------
     0 | D:1      | oplop the Vine Stalker Enchanter began the quest for the Orb.
     0 | D:1      | Reached XP level 1. HP: 9/9 MP: 4/4
    17 | D:1      | Reached skill level 1 in Short Blades
   323 | D:1      | Reached XP level 2. HP: 13/13 MP: 6/6
   657 | D:2      | Reached XP level 3. HP: 12/17 MP: 5/7
   691 | D:2      | Found a glowing silver altar of Zin.
   789 | D:2      | Reached skill level 4 in Stealth
   882 | D:2      | Reached skill level 1 in Fighting
   963 | D:2      | Learned a level 2 spell: Ensorcelled Hibernation
  1001 | D:2      | Learned a level 3 spell: Confuse
  1008 | D:2      | Reached XP level 4. HP: 22/22 MP: 6/9
  1562 | D:3      | Reached XP level 5. HP: 18/25 MP: 7/10
  1800 | D:3      | Noticed Sigmund
  1809 | D:3      | Killed Sigmund
  1809 | D:3      | Reached skill level 5 in Stealth
  1809 | D:3      | Gained mutation: You heal very quickly. [Vine Stalker growth]
  1809 | D:3      | Reached XP level 6. HP: 30/30 MP: 7/12
  2170 | D:4      | Reached XP level 7. HP: 19/35 MP: 4/13
  2219 | D:4      | Noticed Blork the orc
  2225 | D:4      | Killed Blork the orc
  2784 | D:4      | Reached skill level 6 in Stealth
  2928 | D:4      | Gained mutation: You have razor-sharp teeth. [Vine Stalker growth]
  2928 | D:4      | Reached XP level 8. HP: 40/40 MP: 15/15
  3047 | D:5      | Entered Level 5 of the Dungeon
  3129 | D:5      | Noticed no0bjke's ghost (novice TrMo)
  3162 | D:5      | Mangled by no0bjke's ghost

Vault maps used:
D:1:      nicolae_arrival_memento_mori
D:2:      first_bread, lemuel_tele_altar
D:3:      kennysheep_slugbush, uniq_sigmund
D:4:      uniq_blork_the_orc
D:5:      portal_sewer_entry_d, led_sif_pool

Skill      XL: |  1  2  3  4  5  6  7 |
---------------+----------------------+-----
Short Blades   | 1 2 3 |  3.6
Stealth        | 4 5 6 |  6.2
Fighting       | 1 2 3 |  3.2
Spellcasting   | 3 4 |  4.5
Hexes          | 4 |  4.8
Dodging        | |  1.5

Action                   |  1- 3 |  4- 6 |  7- 9 || total
-------------------------+-------+-------+-------++-------
Melee: Short sword       |    60 |   115 |    93 ||   268
       Bite              |    10 |    24 |    25 ||    59
       Dagger            |     2 |       |     2 ||     4
 Cast: Corona            |     1 |       |       ||     1
       Confuse           |     2 |     7 |    11 ||    20
       Ensorcelled Hiber |       |     1 |       ||     1
 Stab: Sleeping          |    10 |     8 |     4 ||    22
       Confused          |       |     4 |     5 ||     9
  Eat: Chunk             |       |     5 |     3 ||     8
Armor: Robe              |     8 |    30 |    11 ||    49
Dodge: Dodged            |    21 |    71 |    41 ||   133
